 Dungeon Crawl Stone Soup version 0.29-a0-844-ge8845773e3 (webtiles) character file.

Game seed: 9566280118632192294

3315573 allispaul the Conqueror (level 27, 273/273 HPs)
             Began as a Minotaur Berserker on July 13, 2022.
             Was the Champion of Trog.
             Escaped with the Orb
             ... and 5 runes on July 15, 2022!
             The game lasted 08:04:24 (65480 turns).

allispaul the Conqueror (Minotaur Berserker)       Turns: 65480, Time: 08:04:25

Health: 273/273    AC: 45    Str: 30    XL:     27
Magic:  19/19      EV: 20    Int:  6    God:    Trog [******]
Gold:   4321       SH: 24    Dex: 19    Spells: 26/26 levels left

rFire   + + +      SeeInvis +   b - +11 broad axe of Righteous Fury {drain, Str+3}
rCold   + + +      Faith    .   Z - +5 kite shield {rC+}
rNeg    + . .      Spirit   .   B - +9 scales of the Dragon King {rPois rF+ rC+ Will+}
rPois   +          Reflect  .   U - +0 mask of the Dragon {Will+ Slay+3 SInv}
rElec   .          Harm     .   P - -1 cloak of Salif {+Inv rPois rF+++ Str-3}
rCorr   +          Rampage  +   D - +2 pair of gloves {infuse}
Will    +++++                   H - +2 pair of boots {Fly}
Stlth   ..........              V - amulet "Tyosh" {Rampage rC++ Regen+ Dex+4}
HPRegen 1.35/turn               e - ring "Qyorr" {Int+4 Slay+4}
MPRegen 0.16/turn               o - ring "Enot" {Fly rN+ Will+ rCorr Str+3}

@: flying, studying Throwing
A: horns 2, retaliatory headbutt, hooves 1, large bone plates 1, cold resistance
1, deterioration 1, dopey 2, low MP 1, poison resistance, screaming 1, weak 1,
subdued magic 1, inability to drink while threatened 1
0: Orb of Zot
}: 5/15 runes: barnacled, slimy, silver, abyssal, gossamer
a: Renounce Religion, Evoke Invisibility, Berserk, Trog's Hand, Brothers in Arms


You escaped.
You worshipped Trog.
Trog was exalted by your worship.
You visited 10 branches of the dungeon, and saw 53 of its levels.
You visited the Abyss 1 time.
You visited 1 bazaar.
You also visited: Trove and Wizlab.

You collected 7985 gold pieces.
You spent 3664 gold pieces at shops.

Inventory:

Hand Weapons
 a - a +7 antimagic broad axe
 b - the +11 broad axe of Righteous Fury (weapon) {drain, Str+3}
   (You found it on level 4 of the Depths)

   A truly terrible weapon, it drains the life of any living foe it strikes.
   Str:       It affects your strength (+3).
Missiles
 k - 9 silver javelins (quivered)
 Q - 14 curare-tipped darts
 W - 8 throwing nets
Armour
 B - the +9 scales of the Dragon King (worn) {rPois rF+ rC+ Will+}
   (You took it off a yaktaur captain on level 5 of the Vaults)

   rF:        It protects you from fire.
   rC:        It protects you from cold.
   rPois:     It protects you from poison.
   Will:      It increases your willpower.
 D - a +2 pair of gloves of infusion (worn)
 H - a +2 pair of boots of flying (worn)
 P - the -1 cloak of Salif (worn) {+Inv rPois rF+++ Str-3}
   (You found it on level 1 of the Shoals)

   Str:       It affects your strength (-3).
   rF:        It renders you almost immune to fire.
   rPois:     It protects you from poison.
   +Inv:      It lets you turn invisible.
 U - the +0 mask of the Dragon (worn) {Will+ Slay+3 SInv}
   (You found it on level 4 of the Shoals)

   Slay:      It affects your accuracy & damage with ranged weapons and melee
   (+3).
   SInv:      It lets you see invisible.
   Will:      It increases your willpower.
 Z - a +5 kite shield of cold resistance (worn)
Jewellery
 e - the ring "Qyorr" (left hand) {Int+4 Slay+4}
   (You found it in a treasure trove)

   [ring of slaying]

   Int:       It affects your intelligence (+4).
   Slay:      It affects your accuracy & damage with ranged weapons and melee
   (+4).
 o - the ring "Enot" (right hand) {Fly rN+ Will+ rCorr Str+3}
   (You found it in a treasure trove)

   [ring of resist corrosion]

   Str:       It affects your strength (+3).
   rN:        It protects you from negative energy.
   Fly:       It grants you flight.
   rCorr:     It protects you from acid and corrosion.
   Will:      It increases your willpower.
 s - the amulet "Efosot" {+Blink rC+++ Regen+ Stlth+}
   (You found it in a wizard's laboratory)

   [amulet of regeneration]

   rC:        It renders you almost immune to cold.
   +Blink:    It lets you blink.
   Regen:     It increases your rate of health regeneration.
   Stlth:     It makes you more stealthy.
 y - an amulet of reflection
 M - the ring of Recklessness {rPois rN+ Int+4 Dex+4}
   (You acquired it on level 8 of the Dungeon)

   [ring of poison resistance]

   Int:       It affects your intelligence (+4).
   Dex:       It affects your dexterity (+4).
   rPois:     It protects you from poison.
   rN:        It protects you from negative energy.
 V - the amulet "Tyosh" (around neck) {Rampage rC++ Regen+ Dex+4}
   (You found it on level 4 of the Spider Nest)

   [amulet of regeneration]

   Dex:       It affects your dexterity (+4).
   rC:        It greatly protects you from cold.
   Regen:     It increases your rate of health regeneration.
   Rampage:   It bestows one free step when moving towards enemies.
Wands
 j - a wand of mindburst (17)
 v - a wand of polymorph (24)
 x - a wand of digging (19)
 N - a wand of iceblast (22)
 X - a wand of paralysis (10)
 Y - a wand of acid (15)
Scrolls
 f - 19 scrolls of poison
 m - 6 scrolls of magic mapping
 n - 3 scrolls of silence
 r - 21 scrolls of teleportation
 C - 2 scrolls of summoning
 I - 11 scrolls of fear
 K - 9 scrolls of fog
 O - 10 scrolls of immolation
 R - 5 scrolls of blinking
Potions
 c - 6 potions of mutation
 h - 4 potions of attraction
 i - 12 potions of heal wounds
 l - 2 potions of cancellation
 p - 21 potions of curing
 q - a potion of flight
 t - 22 potions of ambrosia
 u - 13 potions of might
 A - 5 potions of lignification
 E - 3 potions of resistance
 F - 2 potions of invisibility
 T - 4 potions of haste
Miscellaneous
 g - a lightning rod (2/4)
 G - a tin of tremorstones (inert)
 L - a condenser vane
 S - a phantom mirror


   Skills:
 O Level 27 Fighting
 + Level 22.0 Axes
 O Level 27 Armour
 + Level 25.3 Dodging
 + Level 16.7 Shields
 + Level 20.5 Evocations


You had 26 spell levels left.
You didn't know any spells.
Your spell library was empty.

Dungeon Overview and Level Annotations

Branches:
Dungeon (15/15)            Temple (0/1) D:5            Lair (6/6) D:8
 Shoals (4/4) Lair:3       Spider (4/4) Lair:4        Slime (5/5) Lair:6
    Orc (2/2) D:9             Elf (3/3) Orc:2        Vaults (5/5) D:14
  Crypt (0/3) Vaults:2     Depths (4/4) D:15            Zot (5/5) Depths:4
 WizLab (visited)

Altars:
Ashenzari
Dithmenos
Elyvilon
Fedhas
Kikubaaqudgha
Makhleb
Nemelex Xobeh
Okawaru
Qazlal
Sif Muna
Trog
Vehumet
Jiyva
Lugonu

Shops:
D:5 (   D:6 [?*[*   D:10 (   Orc:2 ![((*   Elf:1 *!*!   Elf:3 =   Vaults:3 ?
Vaults:5 *

Portals:
Hell: Depths:1 Depths:2 Depths:3 Depths:4
Abyss: Slime:1 Depths:3 Depths:4
Pandemonium: Depths:2
Ziggurat: Depths:2


Innate Abilities, Weirdness & Mutations

You have a pair of horns on your head.
You reflexively headbutt those who attack you in melee.
You have large cloven feet.
You are partially covered in large bone plates. (SH +4)
Your flesh is cold resistant. (rC+)
Your body sometimes deteriorates upon taking damage.
You are very dopey. (Int -4)
Your magical capacity is low. (-10% MP)
Your system is resistant to poisons. (rPois)
You occasionally shout uncontrollably at your foes.
You are weak. (Str -2)
Your spells are a little easier to cast, but a little less powerful.
You occasionally lose the ability to drink potions when taking damage.


Message History

You headbutt Wowedel, but do no damage. Wowedel hits you.
Blink to where?
Press: ? - help, Dir - move target, p - Wowedel
As you read the scroll of blinking, it crumbles to dust.
There is a stone staircase leading up here.
You fly upwards.
There is a stone staircase leading down here.
There is a large open door here.
There is a large open door here.
There is an open door here.
You are no longer corroded.
There is an escape hatch in the ceiling here.
A mysterious force pulls you upwards. The hatch slams shut behind you.
There is an escape hatch in the ceiling here.
A mysterious force pulls you upwards. The hatch slams shut behind you.
A Brimstone Fiend comes into view.
You see here a +0 whip.
You slice the Brimstone Fiend!!
The Brimstone Fiend is moderately wounded.
You slice the Brimstone Fiend!! You headbutt the Brimstone Fiend!
The Brimstone Fiend is almost dead.
You slash the Brimstone Fiend!
You kill the Brimstone Fiend!
Trog accepts your kill.
Your lightning rod (2/4) has regained one charge.
There is a stone staircase leading up here.
There is a stone staircase leading up here.
You fly upwards.
There is a stone staircase leading down here.
A green death comes into view.
There is an escape hatch in the ceiling here.
A mysterious force pulls you upwards. The hatch slams shut behind you.
You see here a +0 short sword.
Magic restored.
You see here 2 stones.
You see here a +0 animal skin.
There is a stone staircase leading down here.
There is an open door here.
There is a staircase leading out of the dungeon here.
You have escaped!

#...##....#...##..#
######....##.###.##
#...)##.# #...
##.÷.##.# ####
##..##..# ######
##...##..#
#....####...###..#
#.####..÷.### ##.###
#.####@.#######....#
##.##....'..........#
#...#.#..#).......>.#
#.....####..........###
####...#.#
######.......##
#........# #.....###..[
#.############ #.....#
#### ####.######
#...###...########
#.........#
#......#....#.....


There were no monsters in sight!

Vanquished Creatures
  Dissolution (Slime:3)
  A pandemonium lord (Zot:2)
  2 dread liches (Zot:5)
  2 ancient liches
  10 orbs of fire
  The ghost of Neamosu the Conqueror, a veteran MiBe of Trog (Depths:4)
  3 Killer Klowns
  2 curse toes
  13 golden dragons
  Nikola (Shoals:1)
  2 profane servitors (Depths:4)
  the Enchantress (Depths:4)
  3 bone dragons
  3 electric golems
  A Hell Sentinel (Depths:4)
  A Brimstone Fiend (D:3)
  Rupert (D:13)
  24 tentacled monstrosities
  Jorgrun (D:15)
  2 walking crystal tomes
  Mlioglotl (Shoals:3)
  A walking earthen tome (Depths:3)
  6 titans
  A moon troll (WizLab)
  Asterion (Vaults:1)
  8 liches
  5 quicksilver dragons
  27 Orb Guardians
  4 deep elf master archers (Elf:3)
  2 deep elf blademasters (Elf:3)
  An Executioner (Spider:4)
  3 sphinxes
  13 acid blobs
  Gastronok (D:11)
  3 walking divine tomes (Depths:3)
  Kirke (D:13)
  10 death cobs
  Polyphemus (Shoals:3)
  7 storm dragons
  9 tentacled starspawn
  Donald (Elf:1)
  4 tengu reavers
  9 rockslimes
  13 shadow dragons
  5 draconian monks
  8 draconian knights
  Roxanne (Elf:2)
  15 azure jellies
  9 fire giants
  Ilsuiw (Shoals:3)
  11 frost giants
  3 cacodemons
  A deep elf sorcerer (Elf:2)
  4 draconian stormcallers
  4 emperor scorpions (Spider:4)
  3 iron dragons
  7 draconian scorchers
  Louise (Elf:3)
  8 ghost moths
  15 vault wardens
  A balrug (D:14)
  10 ironbound preservers
  2 deep elf elementalists (Elf:3)
  8 draconian shifters
  6 spriggan defenders
  2 war gargoyles
  10 draconian annihilators
  A reaper (Abyss:1)
  20 stone giants
  7 quicksilver oozes
  A broodmother (shapeshifter) (Depths:3)
  12 very ugly things
  8 ironbound thunderhulks
  5 deep elf demonologists
  2 broodmothers (Spider:4)
  12 black draconians
  The ghost of Rinayma the Unseen, a journeyman SpEn of Dithmenos (Spider:4)
  10 green draconians
  10 vampire knights
  6 entropy weavers
  12 red draconians
  15 purple draconians
  14 spark wasps
  7 deep elf annihilators
  12 white draconians
  18 yellow draconians
  8 dire elephants
  11 ettins
  A blizzard demon (Depths:2)
  3 merfolk javelineers
  7 deep elf death magi
  2 crystal guardians
  11 merfolk impalers
  12 yaktaur captains
  The ghost of megeza the Protected, a journeyman MiBe of Trog (Shoals:1)
  16 great orbs of eyes
  4 fire dragons
  6 ice dragons
  39 vault guards
  6 deep elf high priests
  8 boulder beetles
  6 spriggan air magi
  4 peacekeepers
  10 hydras
  A spriggan skeleton (Abyss:3)
  A boulder beetle (shapeshifter) (Depths:3)
  8 rakshasas
  Erolcha (D:13)
  The ghost of Betucket the Marksspriggan, a journeyman SpHu of Fedhas (D:13)
  2 ogre magi (Vaults:5)
  3 alligator snapping turtles
  4 merfolk avatars
  13 centaur warriors
  9 two-headed ogres
  An anaconda (shapeshifter) (Vaults:4)
  8 ironbound frosthearts
  4 merfolk aquamancers
  A radroach (Spider:4)
  3 catoblepae (Lair:6)
  A death knight (D:15)
  6 death yaks
  4 deep troll earth magi
  2 satyrs
  5 tengu warriors
  6 deep troll shamans
  23 dancing weapons
  2 orc high priests
  9 spriggan berserkers
  Nergalle (D:11)
  3 thrashing horrors (Abyss:3)
  A hell knight (Depths:3)
  A sun demon (D:13)
  9 deep elf knights
  A soul eater (Depths:1)
  The ghost of gabibbone the Basher, a novice MiWr of Ashenzari (D:8)
  5 skeletal warriors
  A fire crab (D:14)
  6 wretched stars
  10 sea snakes
  2 iron trolls (Depths:2)
  2 sun moths
  3 sixfirhies (Abyss:3)
  6 pharaoh ants
  4 steelbarb worms
  2 orange crystal statues
  43 deep trolls
  9 glowing orange brains (WizLab)
  5 large abominations
  4 orb spiders
  13 wizards
  8 phantasmal warriors (Vaults:5)
  3 lindwurms (Vaults:3)
  7 deep elf archers
  An obsidian statue (D:13)
  3 necromancers
  10 harpies
  29 ironbound convokers
  21 deep elf zephyrmancers
  A golden dragon skeleton (Depths:3)
  3 orc sorcerers
  9 orc knights (Orc:2)
  54 ugly things
  13 wolf spiders
  An oklob plant (Lair:5)
  37 moths of wrath
  A salamander (shapeshifter) (Elf:2)
  29 deep elf pyromancers
  6 shining eyes
  10 fauns
  13 cyclopes
  22 manticores
  6 elephants (Lair:4)
  A moth of wrath (shapeshifter) (Depths:2)
  8 merfolk sirens
  A black mamba (shapeshifter) (Vaults:5)
  10 water nymphs
  5 black mambas
  3 apocalypse crabs
  21 vault sentinels
  2 orange demons (Depths:2)
  11 cane toads
  3 hellions
  4 torpor snails
  4 gargoyles
  2 unseen horrors (Depths:1)
  4 smoke demons (Abyss:3)
  7 eyes of devastation
  8 demonic crawlers
  11 yaktaurs
  8 rime drakes
  10 komodo dragons
  3 freezing wraiths
  A rime drake (shapeshifter) (Depths:3)
  A tengu conjurer (D:14)
  3 efreet
  A komodo dragon (shapeshifter) (Depths:3)
  A hellwing (Depths:2)
  2 red devils
  4 ancient zymes (Abyss:3)
  A troll (shapeshifter) (Vaults:5)
  A tyrant leech (shapeshifter) (D:13)
  35 merfolk
  9 meliai
  7 trolls
  3 polar bears
  21 tarantellas
  A queen bee (Lair:5)
  A slime creature (shapeshifter) (Vaults:5)
  8 hornets
  A tarantella (shapeshifter) (D:13)
  9 wind drakes
  A dream sheep (shapeshifter) (Vaults:5)
  6 blink frogs
  15 jumping spiders
  4 dream sheep
  138 slime creatures
  14 culicivoras
  A jumping spider (shapeshifter) (D:15)
  5 snapping turtles
  11 spriggans
  2 air elementals
  5 water elementals
  3 hogs (D:13)
  5 wraiths
  A ynoxinul (Abyss:3)
  3 wyverns
  A vampire (D:11)
  5 basilisks
  76 yaks
  10 humans (D:14)
  7 vampire mosquitoes
  2 fire elementals
  31 golden eyes
  2 neqoxecs (WizLab)
  52 redbacks
  Grum (Lair:1)
  6 steam dragons
  Menkaure (D:6)
  5 wargs
  2 acid dragons
  A glowing shapeshifter zombie (Depths:3)
  17 water moccasins
  38 orc warriors
  3 black bears
  A floating eye zombie (Depths:3)
  2 sky beasts
  8 ogres
  10 wolves
  2 centaurs
  2 boggarts (Depths:1)
  4 kobold brigands
  2 phantoms
  7 bullfrogs
  2 necrophages
  2 small abominations
  2 scorpions
  7 gnoll sergeants
  8 wights
  49 killer bees
  4 howler monkeys
  8 electric eels
  11 starcursed masses
  4 hounds
  An iron imp (Abyss:3)
  5 jellies
  8 orc priests
  2 gnoll boudas
  18 orc wizards
  9 iguanas
  5 hell rats (Lair:6)
  5 adders
  17 gnolls
  2 shadow imps
  A white imp (Abyss:1)
  3 dart slugs
  3 worms
  86 orcs
  7 endoplasms
  3 giant cockroaches (D:1)
  5 goblins
  4 hobgoblins
  4 jackals
  5 quokkas
  3 ball pythons (D:1)
  7 bats
  4 frilled lizards
  12 kobolds
  13 rats
  4 starspawn tentacles
2288 creatures vanquished.

Vanquished Creatures (collateral kills)
  the Royal Jelly (Slime:5)
  A juggernaut (Depths:3)
  An acid blob (Slime:5)
  A sphinx (Vaults:4)
  A shadow dragon (Depths:3)
  A rockslime (Slime:5)
  A fire giant (Depths:3)
  A frost giant (Shoals:4)
  2 vault wardens
  A cacodemon (WizLab)
  3 emperor scorpions
  An iron dragon (Depths:4)
  A draconian shifter (Zot:1)
  2 very ugly things
  4 stone giants
  An ironbound thunderhulk (Vaults:1)
  4 ironbound preservers
  2 spark wasps (Depths:3)
  A dire elephant (Vaults:4)
  2 ettins
  A deep elf death mage (Elf:3)
  A fire dragon (Depths:1)
  A vault guard (Vaults:3)
  A great orb of eyes (Vaults:1)
  A jorogumo (Spider:4)
  A merfolk avatar (Shoals:4)
  A rakshasa (Depths:1)
  A spriggan air mage (Depths:4)
  A centaur warrior (D:13)
  An ironbound frostheart (Vaults:4)
  A catoblepas (Shoals:3)
  A merfolk aquamancer (Shoals:3)
  A satyr (Shoals:4)
  A death yak (Shoals:3)
  A sun moth (Spider:4)
  A skeletal warrior (D:12)
  3 sea snakes
  A starcursed mass (WizLab)
  3 deep trolls
  A steelbarb worm (Spider:4)
  4 orb spiders
  2 phantasmal warriors (Depths:2)
  4 harpies
  2 deep elf zephyrmancers (Elf:1)
  2 ironbound convokers
  2 deep elf pyromancers
  3 manticores
  4 wolf spiders
  An orc knight (D:15)
  A cyclops (D:15)
  5 ugly things
  A faun (Shoals:2)
  2 vault sentinels
  A water nymph (Shoals:4)
  A demonic crawler (Spider:2)
  2 tengu conjurers (Depths:3)
  2 yaktaurs (Vaults:1)
  4 merfolk
  A troll (Orc:1)
  A wind drake (Shoals:4)
  5 tarantellas
  2 dream sheep (Shoals:2)
  5 slime creatures
  5 culicivoras (Spider:2)
  5 jumping spiders
  9 humans (D:14)
  3 redbacks (Spider:2)
  A vampire mosquito (D:15)
  4 wargs (Orc:2)
  An acid dragon (D:11)
  5 orc warriors
  An ogre (Orc:1)
  A gnoll (D:12)
  8 orcs
  A starspawn tentacle (WizLab)
157 creatures vanquished.

Vanquished Creatures (others)
  A draconian knight (Zot:1)
  A draconian shifter (Zot:1)
  A fire dragon (Depths:1)
  A deep elf knight (Elf:1)
  An orc warrior (Elf:1)
  A demonic plant (WizLab)
  15 fungi
  A lurking horror (Slime:1)
  110 plants
  9 starspawn tentacles
141 creatures vanquished.

Grand Total: 2586 creatures vanquished

Notes
Turn   | Place    | Note
-------+----------+-------------------------------------------
     0 | D:1      | allispaul the Minotaur Berserker began the quest for the
                  | Orb.
     0 | D:1      | Reached XP level 1. HP: 19/19 MP: 0/0
   218 | D:1      | Found a faded altar of an unknown god.
   277 | D:1      | Reached XP level 2. HP: 27/27 MP: 1/1
   900 | D:1      | Reached XP level 3. HP: 33/33 MP: 2/2
  1067 | D:1      | Reached ** piety under Trog
  1705 | D:2      | Reached XP level 4. HP: 41/41 MP: 3/3
  2257 | D:3      | Reached XP level 5. HP: 16/47 MP: 4/4
  2676 | D:3      | Reached skill level 5 in Axes
  2973 | D:4      | Reached skill level 5 in Fighting
  3440 | D:4      | Noticed an ogre
  3450 | D:4      | Killed an ogre
  3451 | D:4      | Reached XP level 6. HP: 52/56 MP: 5/5
  3811 | D:4      | Reached *** piety under Trog
  4041 | D:5      | Entered Level 5 of the Dungeon
  4046 | D:5      | Found a runed translucent door.
  4114 | D:5      | Found an ancient bone altar of Kikubaaqudgha.
  4126 | D:5      | Found Ukyolecio's Weapon Boutique.
  4216 | D:5      | Found a staircase to the Ecumenical Temple.
  4223 | D:5      | Reached skill level 5 in Armour
  4552 | D:5      | Reached XP level 7. HP: 56/62 MP: 6/6
  5067 | D:6      | Noticed Menkaure
  5138 | D:6      | Reached XP level 8. HP: 69/71 MP: 7/7
  5198 | D:6      | Found Oxiutti's Antique Armour Shoppe.
  5207 | D:6      | Bought an embroidered cloak for 142 gold pieces
  5375 | D:6      | Killed Menkaure
  5375 | D:6      | Reached **** piety under Trog
  5478 | D:6      | Found Uczacvit's Antique Armour Shoppe.
  5562 | D:6      | Found Roetikun's General Store.
  5565 | D:6      | Bought a scroll of identify for 20 gold pieces
  5598 | D:6      | Found Kafroc's Magic Scroll Boutique.
  5602 | D:6      | Bought a scroll of poison for 60 gold pieces
  5602 | D:6      | Bought a scroll of identify for 30 gold pieces
  5607 | D:6      | Found Toumiuz's Assorted Antiques.
  5666 | D:6      | Found a shimmering blue altar of Sif Muna.
  5824 | D:6      | Reached skill level 10 in Axes
  5862 | D:7      | Found a white marble altar of Elyvilon.
  6001 | D:7      | Found a radiant altar of Vehumet.
  6012 | D:7      | Reached XP level 9. HP: 81/81 MP: 8/8
  6830 | D:8      | Found a runed translucent door.
  6831 | D:8      | Noticed gabibbone's ghost (novice MiWr)
  6852 | D:8      | Killed gabibbone's ghost
  6937 | D:8      | Reached XP level 10. HP: 90/91 MP: 9/9
  7261 | D:8      | Identified 2 scrolls of acquirement
  7277 | D:8      | Acquired the ring of Recklessness {rPois rN+ Int+4 Dex+4}
  7278 | D:8      | Acquired a +2 battleaxe of venom
  7319 | D:8      | Found a staircase to the Lair.
  7421 | D:8      | Found a broken altar of Ashenzari.
  7551 | D:8      | Noticed a cyclops
  7560 | D:8      | Killed a cyclops
  7560 | D:8      | Reached ***** piety under Trog
  7561 | D:8      | Reached skill level 10 in Fighting
  7993 | D:9      | Reached skill level 10 in Armour
  8043 | D:9      | Received a gift from Trog
  8066 | D:9      | Found a staircase to the Orcish Mines.
  8080 | D:9      | Reached skill level 1 in Shields
  8407 | D:9      | Reached XP level 11. HP: 88/101 MP: 10/10
  8692 | D:10     | Entered Level 10 of the Dungeon
  9219 | D:10     | Found a burning altar of Makhleb.
  9229 | D:10     | Noticed a two-headed ogre
  9243 | D:10     | Killed a two-headed ogre
  9371 | D:10     | Found Mioddo Pais's Antique Weapon Shop.
  9592 | Lair:1   | Entered Level 1 of the Lair of Beasts
  9667 | Lair:1   | Reached skill level 15 in Axes
  9739 | Lair:1   | Noticed Grum
  9755 | Lair:1   | Killed Grum
 10293 | Lair:1   | Reached skill level 5 in Shields
 10859 | Lair:2   | Noticed a seven-headed hydra
 10879 | Lair:2   | Killed a three-headed hydra
 11671 | Lair:3   | Noticed an eight-headed hydra
 11677 | Lair:2   | Killed a four-headed hydra
 11733 | Lair:2   | Reached XP level 12. HP: 60/112 MP: 11/11
 12027 | Lair:3   | Noticed an eight-headed hydra
 12035 | Lair:3   | Killed a five-headed hydra
 12154 | Lair:3   | Noticed a death yak
 12174 | Lair:3   | Killed a death yak
 12202 | Lair:3   | Noticed a seven-headed hydra
 12202 | Lair:3   | Noticed a boulder beetle
 12205 | Lair:3   | Killed a five-headed hydra
 12208 | Lair:3   | Killed a boulder beetle
 12529 | Lair:3   | Found a staircase to the Shoals.
 12996 | Lair:4   | Found a hole to the Spider Nest.
 13155 | Lair:4   | Reached XP level 13. HP: 109/122 MP: 12/12
 13353 | Lair:4   | Identified the +0 chain mail of Mutualism {rElec Int+4
                  | SInv}
 13481 | Lair:4   | Identified the +3 war axe "Tiownost" {vamp, *Rage Fly
                  | Will++ Stlth+}
 14012 | Lair:5   | Reached ****** piety under Trog
 14013 | Lair:5   | Reached skill level 5 in Dodging
 14140 | Lair:5   | Received a gift from Trog
 14146 | Lair:5   | Found a stormy altar of Qazlal.
 14609 | Lair:6   | Entered Level 6 of the Lair of Beasts
 14832 | Lair:6   | Reached skill level 15 in Fighting
 14992 | Lair:6   | Reached skill level 15 in Armour
 15257 | Lair:6   | Reached XP level 14. HP: 135/135 MP: 13/13
 15533 | Lair:6   | Found a runed translucent door.
 15533 | Lair:6   | Found a viscous altar of Jiyva.
 15534 | Lair:6   | Found a staircase to the Slime Pits.
 15802 | D:6      | Bought a brightly glowing plate armour for 532 gold pieces
 15802 | D:6      | Identified the +4 plate armour of Ytijax {Regen+} (You
                  | bought it in a shop on level 6 of the Dungeon)
 15815 | D:6      | Bought a glowing cloak for 142 gold pieces
 15875 | D:6      | Bought a scroll of summoning for 95 gold pieces
 15955 | Orc:1    | Entered Level 1 of the Orcish Mines
 15966 | Orc:1    | Received a gift from Trog
 15967 | Orc:1    | Found the +14 obsidian axe {vorpal, Mesm Drain Fly SInv}
 16088 | Orc:1    | Found a bloodstained altar of Trog.
 16354 | Orc:2    | Entered Level 2 of the Orcish Mines
 16354 | Orc:2    | Found Quthra Jostre's Distillery.
 16368 | Orc:2    | Bought a potion of lignification for 42 gold pieces
 16631 | Orc:2    | Found a staircase to the Elven Halls.
 16875 | Orc:2    | Received a gift from Trog
 16880 | Orc:2    | Found Kunorph's Armour Boutique.
 16880 | Orc:2    | Found Edaorgh's Antique Weapon Emporium.
 16966 | Orc:2    | Found Teopneg's Antique Weapon Boutique.
 16985 | Orc:2    | Found Zetz's Assorted Antiques.
 17287 | Orc:2    | Bought a warped war axe for 263 gold pieces
 17287 | Orc:2    | Identified the +3 war axe "Voevir" {holy, rPois rC++} (You
                  | bought it in a shop on level 2 of the Orcish Mines)
 17323 | Orc:2    | Bought a dented jasper amulet for 175 gold pieces
 17435 | D:6      | Bought 3 scrolls of blinking for 337 gold pieces
 17435 | D:6      | Bought a scroll of identify for 30 gold pieces
 17554 | D:11     | Found a shadowy altar of Dithmenos.
 17724 | D:11     | Noticed Nergalle
 17728 | D:11     | Noticed Gastronok
 17730 | D:11     | Killed Nergalle
 17841 | D:11     | Killed Gastronok
 18071 | D:11     | Reached skill level 10 in Dodging
 18492 | D:12     | Reached skill level 1 in Evocations
 18492 | D:12     | Identified the +1 scale mail "Jisophim" {rF+ Slay+2}
 18981 | D:12     | Reached XP level 15. HP: 121/147 MP: 14/14
 19122 | D:13     | Received a gift from Trog
 19174 | D:13     | Found a transporter.
 19185 | D:13     | Found a transporter.
 19205 | D:13     | Noticed Erolcha
 19210 | D:13     | Killed Erolcha
 19212 | D:13     | Noticed Kirke
 19224 | D:13     | Killed Kirke
 19540 | D:13     | Acquired a +0 pair of gloves of infusion
 19812 | D:13     | Noticed Rupert
 19824 | D:13     | Killed Rupert
 20073 | D:13     | Noticed Betucket's ghost (journeyman SpHu)
 20081 | D:13     | Killed Betucket's ghost
 20703 | D:14     | Identified the +1 ring mail of Inquiry {rElec rPois}
 20720 | D:14     | Found a gate to the Vaults.
 20840 | D:14     | Identified the +11 falchion "Gohiaddiu" {protect, rElec
                  | rPois rF+ Str-2}
 21380 | D:14     | Identified the +0 leather armour of the Pits of Slime
                  | {-Cast rPois rN+ Dex+7}
 21608 | D:14     | Reached XP level 16. HP: 148/157 MP: 11/15
 21669 | D:15     | Entered Level 15 of the Dungeon
 21716 | D:15     | Reached skill level 10 in Shields
 21717 | D:15     | Received a gift from Trog
 21839 | D:15     | Found a staircase to the Depths.
 21858 | D:15     | Reached skill level 5 in Evocations
 21937 | D:15     | Noticed Jorgrun
 21947 | D:15     | Killed Jorgrun
 22445 | D:15     | Acquired the +2 cloak of the Thief {*Fog Slay-2 SInv
                  | Stlth+}
 22445 | D:15     | Found the +2 cloak of the Thief {*Fog Slay-2 SInv Stlth+}
 22875 | Spider:1 | Entered Level 1 of the Spider Nest
 23501 | Spider:2 | Received a gift from Trog
 24419 | Spider:3 | Received a gift from Trog
 24628 | Spider:3 | Reached XP level 17. HP: 145/168 MP: 11/16
 24819 | Spider:4 | Entered Level 4 of the Spider Nest
 26090 | Spider:4 | Got a gossamer rune of Zot
 26283 | Spider:4 | Found a runed translucent gate.
 26283 | Spider:4 | Found a runed translucent gate.
 26283 | Spider:4 | Found a runed translucent gate.
 26295 | Spider:4 | Noticed Rinayma's ghost (journeyman SpEn)
 26378 | Spider:4 | Received a gift from Trog
 26405 | Spider:4 | Killed Rinayma's ghost
 26471 | Spider:4 | Identified the -1 helmet of Intuition {rC+ MP+9 Stlth+}
 26472 | Spider:4 | Identified the amulet "Tyosh" {Rampage rC++ Regen+ Dex+4}
 26748 | D:6      | Bought a runed plate armour for 494 gold pieces
 26889 | Shoals:1 | Entered Level 1 of the Shoals
 27105 | Shoals:1 | Found a transporter.
 27125 | Shoals:1 | Noticed megeza's ghost (journeyman MiBe)
 27136 | Shoals:1 | Found a transporter.
 27313 | Shoals:1 | Noticed Nikola
 27472 | Shoals:2 | Received a gift from Trog
 28425 | Shoals:3 | Reached XP level 18. HP: 161/178 MP: 8/17
 28430 | Shoals:3 | Noticed Mlioglotl
 28445 | Shoals:3 | Killed Mlioglotl
 28462 | Shoals:3 | Noticed Polyphemus
 28474 | Shoals:3 | Killed Polyphemus
 28532 | Shoals:3 | Received a gift from Trog
 28857 | Shoals:3 | Noticed Ilsuiw
 28864 | Shoals:3 | Killed Ilsuiw
 29224 | Shoals:3 | Reached skill level 15 in Dodging
 29321 | Shoals:4 | Entered Level 4 of the Shoals
 29367 | Shoals:4 | Got a barnacled rune of Zot
 29498 | Shoals:4 | Reached skill level 10 in Evocations
 29515 | Shoals:4 | Found the +0 mask of the Dragon {Will+ Slay+3 SInv}
 29745 | Shoals:4 | Received a gift from Trog
 29882 | Shoals:4 | Identified the +2 short sword of Gallantry {vamp, rPois}
 30442 | Shoals:4 | Found the +10 zealot's sword {holy, *Rage rN+ EV+3}
 31149 | Shoals:1 | Killed Nikola
 31515 | Shoals:1 | Killed megeza's ghost
 31701 | Shoals:1 | Identified the -1 cloak of Salif {+Inv rPois rF+++ Str-3}
 31875 | Lair:1   | Upgraded the game from 0.29-a0-837-g174bc33265 to
                  | 0.29-a0-839-g4793fd635e
 32067 | Vaults:1 | Entered Level 1 of the Vaults
 32645 | Vaults:1 | Reached XP level 19. HP: 189/189 MP: 12/18
 32847 | Vaults:1 | Noticed Asterion
 32856 | Vaults:1 | Received a gift from Trog
 32862 | Vaults:1 | Killed Asterion
 33951 | Vaults:2 | Found a flickering gateway to a bazaar.
 33956 | Bazaar   | Entered a bazaar
 33977 | Bazaar   | Found Ebbigoq's Magic Scroll Shop.
 34005 | Bazaar   | Found Olicwa's Distillery.
 34027 | Bazaar   | Found Ygoul's General Store.
 34027 | Bazaar   | Found Byfruec's Weapon Shop.
 34074 | Bazaar   | Bought 2 scrolls of silence for 190 gold pieces
 34074 | Bazaar   | Bought a scroll of teleportation for 30 gold pieces
 34074 | Bazaar   | Bought a scroll of teleportation for 30 gold pieces
 34074 | Bazaar   | Bought a scroll of fear for 40 gold pieces
 34074 | Bazaar   | Bought a scroll of fog for 40 gold pieces
 34074 | Bazaar   | Bought a scroll of fear for 40 gold pieces
 34087 | Bazaar   | Bought 2 curare-tipped darts for 16 gold pieces
 34087 | Bazaar   | Bought a potion of heal wounds for 70 gold pieces
 34100 | Bazaar   | Bought a scroll of blinking for 75 gold pieces
 34464 | Vaults:2 | Received a gift from Trog
 34793 | Vaults:2 | You are sucked into a shaft and drop 1 floor!
 35483 | Vaults:3 | Found Cidarhat's Magic Scroll Emporium.
 35487 | Vaults:3 | Bought a scroll of fog for 76 gold pieces
 35944 | Vaults:2 | Received a gift from Trog
 35950 | Vaults:2 | Identified the +1 leather armour of Incorporation {Slay+2}
 36040 | Vaults:2 | Found a staircase to the Crypt.
 36266 | Vaults:3 | Reached XP level 20. HP: 191/200 MP: 9/19
 36393 | Vaults:3 | Identified the +0 plate armour of Good Intentions {Rampage
                  | rPois Will++ Str-5}
 37023 | Vaults:4 | Received a gift from Trog
 37986 | Vaults:4 | Received a gift from Trog
 38865 | Depths:1 | Entered Level 1 of the Depths
 39123 | Depths:1 | Found a gateway to Hell.
 39612 | Depths:1 | Found an iron altar of Okawaru.
 40398 | Orc:2    | Bought a potion of haste for 350 gold pieces
 40436 | Elf:1    | Entered Level 1 of the Elven Halls
 40542 | Elf:1    | Received a gift from Trog
 40644 | Elf:1    | Found Doiph's Distillery.
 40644 | Elf:1    | Found Atwone's Assorted Antiques.
 40645 | Elf:1    | Found Qiuklog's Distillery.
 40647 | Elf:1    | Found Ygher's Assorted Antiques.
 40777 | Elf:1    | Reached XP level 21. HP: 176/211 MP: 18/20
 40831 | Elf:1    | Noticed Donald
 40836 | Elf:1    | Killed Donald
 41622 | Elf:2    | Found a runed translucent gate.
 41622 | Elf:2    | Found a runed translucent gate.
 41622 | Elf:2    | Found a runed translucent gate.
 41656 | Elf:2    | Received a gift from Trog
 41723 | Elf:2    | Identified the +7 hand axe of Ragnarok {drain, rC+}
 41853 | Elf:2    | Identified Roxanne's Anthology of Variation
 41853 | Elf:2    | Noticed Roxanne
 41864 | Elf:2    | Killed Roxanne
 42556 | Elf:3    | Entered Level 3 of the Elven Halls
 42582 | Elf:3    | Found a magical portal.
 42594 | WizLab   | Entered Lehudib's Moon Base
 42688 | WizLab   | Received a gift from Trog
 42930 | WizLab   | Paralysed by accursed screaming for 1 turns
 42960 | WizLab   | Identified the amulet "Efosot" {+Blink rC+++ Regen+ Stlth+}
 43110 | WizLab   | Found a transporter.
 43171 | WizLab   | Found a transporter.
 43782 | Elf:3    | Found Siuqoene's Jewellery Shop.
 44367 | Elf:3    | Identified the +10 hand axe of Dismay {flame, rPois rC-
                  | rN+++ Dex+4} (Trog gifted it to you on level 3 of the Elven
                  | Halls)
 44367 | Elf:3    | Received a gift from Trog
 44500 | Elf:3    | Identified the +3 glaive "Oledd" {flame, Dex+3}
 44545 | Elf:3    | Noticed Louise
 44548 | Elf:3    | Identified the +1 leather armour of Least Resistance {Will+
                  | Str+4}
 44554 | Elf:3    | Killed Louise
 44580 | Elf:3    | Identified the ring "Oci Ocab" {Ice Dex+3}
 44587 | Elf:3    | Identified the +1 ring mail of Apruczaf {Rampage Will+
                  | Str+6 Dex+4}
 45292 | Depths:2 | Reached XP level 22. HP: 115/221 MP: 14/21
 45427 | Depths:2 | Noticed a golden dragon
 45580 | Depths:2 | Found a one-way gateway to a ziggurat.
 45669 | Depths:2 | Found a sparkling altar of Nemelex Xobeh.
 45734 | Depths:2 | Found a one-way gate leading to the halls of Pandemonium.
 45951 | Depths:2 | Received a gift from Trog
 45952 | Depths:2 | Reached skill level 15 in Evocations
 46225 | Depths:2 | Killed a golden dragon
 47170 | Depths:2 | Noticed a golden dragon
 47175 | Depths:2 | Killed a golden dragon
 47659 | Depths:3 | Noticed a golden dragon
 47659 | Depths:3 | Noticed a juggernaut
 47674 | Depths:3 | Killed a golden dragon
 47679 | Depths:3 | Killed a juggernaut
 47725 | Depths:3 | Received a gift from Trog
 48402 | Depths:3 | Found a one-way gate to the infinite horrors of the Abyss.
 48772 | Depths:4 | Entered Level 4 of the Depths
 48772 | Depths:4 | Found a blossoming altar of Fedhas.
 48824 | Depths:4 | Found a portal to a secret trove of treasure.
 48833 | Depths:4 | Received a gift from Trog
 49147 | Depths:4 | Reached XP level 23. HP: 231/234 MP: 17/22
 49228 | Depths:4 | Identified the +11 broad axe of Righteous Fury {drain,
                  | Str+3}
 49254 | Depths:4 | Found a transporter.
 49255 | Depths:4 | Noticed an ancient lich
 49256 | Depths:4 | Noticed Neamosu's ghost (veteran MiBe)
 49431 | Depths:4 | Noticed the Enchantress
 49441 | Depths:4 | Killed the Enchantress
 49651 | Depths:4 | Found a gate to the Realm of Zot.
 49664 | Depths:4 | Upgraded the game from 0.29-a0-839-g4793fd635e to
                  | 0.29-a0-844-ge8845773e3
 49877 | Depths:4 | Found a transporter.
 49929 | Depths:4 | Identified the ring "Goawn" {Wiz Int+4}
 49930 | Depths:4 | Killed an ancient lich
 49960 | Depths:4 | Killed Neamosu's ghost
 50257 | Depths:3 | Voluntarily entered the Abyss.
 50400 | Abyss:2  | Found a corrupted altar of Lugonu.
 50643 | Abyss:3  | Received a gift from Trog
 50673 | Abyss:3  | Got an abyssal rune of Zot
 50678 | Depths:3 | Escaped the Abyss
 50779 | Zot:1    | Entered Level 1 of the Realm of Zot
 51181 | Vaults:5 | Entered Level 5 of the Vaults
 51199 | Vaults:5 | Received a gift from Trog
 51260 | Vaults:5 | Reached XP level 24. HP: 132/245 MP: 0/22
 51743 | Vaults:5 | Found Dihop's Assorted Antiques.
 51769 | Vaults:5 | Identified the +7 rapier "Fumyaj" {vorpal, rPois}
 51770 | Vaults:5 | Identified the +1 whip of Qazlal's Whim {elec, rN+ SInv}
 51772 | Vaults:5 | Bought a scroll of enchant armour for 345 gold pieces
 51924 | Vaults:5 | Received a gift from Trog
 52214 | Vaults:5 | Received a gift from Trog
 52633 | Vaults:5 | Identified the +5 sling of Gozag {speed, rPois rF+++ Int-5
                  | Dex-3}
 53203 | Vaults:5 | Got a silver rune of Zot
 53204 | Vaults:5 | Identified the +6 rapier "Hydraslayer" {vorpal, Int+5}
 54056 | Slime:1  | Entered Level 1 of the Pits of Slime
 55259 | Slime:1  | Found a corrupted altar of Lugonu.
 55575 | Slime:3  | Received a gift from Trog
 55587 | Slime:3  | Reached skill level 27 in Fighting
 56143 | Slime:4  | Noticed Dissolution
 56148 | Slime:4  | Gained mutation: You are weak. (Str -2) [a shining eye]
 56154 | Slime:3  | Killed Dissolution
 56155 | Slime:3  | Reached skill level 27 in Armour
 56176 | Slime:4  | Gained mutation: You possess an exceptional clarity of
                  | mind. [a shining eye]
 56726 | Slime:5  | Entered Level 5 of the Pits of Slime
 56842 | Slime:4  | Gained mutation: You do not regenerate when monsters are
                  | visible. [a shining eye]
 56857 | Slime:4  | Received a gift from Trog
 57128 | Slime:5  | Gained mutation: You are frail. (-10% HP) [a shining eye]
 57130 | Slime:5  | Gained mutation: Your body sometimes deteriorates upon
                  | taking damage. [a shining eye]
 57209 | Slime:5  | Reached XP level 25. HP: 195/231 MP: 1/22
 57308 | Slime:5  | Noticed the Royal Jelly
 57317 | Slime:5  | Killed the Royal Jelly
 57488 | Slime:5  | Found the +8 longbow "Zephyr" {speed, Dex+3 SInv}
 57490 | Slime:5  | Lost mutation: You possess an exceptional clarity of mind.
                  | [a shining eye]
 57554 | Slime:5  | Got a slimy rune of Zot
 57591 | Slime:5  | Identified the +1 ring mail "Sabb" {+Blink rC+ rN++ Int-3}
 57602 | Slime:5  | Identified the +8 shortbow of Fortitude {vorpal, rElec rC++
                  | rCorr Str-4}
 57627 | Slime:5  | Identified the +1 chain mail "Sedaf" {rF++}
 58179 | Lair:6   | Lost mutation: You are frail. (-10% HP) [potion of
                  | mutation]
 58179 | Lair:6   | Lost mutation: You do not regenerate when monsters are
                  | visible. [potion of mutation]
 58179 | Lair:6   | Lost mutation: Your body sometimes deteriorates upon taking
                  | damage. [potion of mutation]
 58179 | Lair:6   | Gained mutation: You occasionally lose the ability to read
                  | scrolls when taking damage. [potion of mutation]
 58179 | Lair:6   | Gained mutation: You are partially covered in large bone
                  | plates. (SH +4) [potion of mutation]
 58780 | Zot:1    | Received a gift from Trog
 58940 | Zot:1    | Lost mutation: You occasionally lose the ability to read
                  | scrolls when taking damage. [potion of mutation]
 58940 | Zot:1    | Lost mutation: You are partially covered in large bone
                  | plates. (SH +4) [potion of mutation]
 58940 | Zot:1    | Gained mutation: Armour fits poorly on your strangely
                  | shaped body. [potion of mutation]
 58940 | Zot:1    | Gained mutation: You are very weak. (Str -4) [potion of
                  | mutation]
 58940 | Zot:1    | Gained mutation: Your system is resistant to poisons.
                  | (rPois) [potion of mutation]
 58940 | Zot:1    | Gained mutation: You have large cloven feet. [potion of
                  | mutation]
 58941 | Zot:1    | Lost mutation: Your system is resistant to poisons. (rPois)
                  | [potion of mutation]
 58941 | Zot:1    | Lost mutation: You are very weak. (Str -4) [potion of
                  | mutation]
 58941 | Zot:1    | Lost mutation: Armour fits poorly on your strangely shaped
                  | body. [potion of mutation]
 58941 | Zot:1    | Gained mutation: You are partially covered in large bone
                  | plates. (SH +4) [potion of mutation]
 58941 | Zot:1    | Gained mutation: You have sharp fingernails. [potion of
                  | mutation]
 58941 | Zot:1    | Gained mutation: You are resistant to electric shocks.
                  | (rElec) [potion of mutation]
 58941 | Zot:1    | Gained mutation: Your system is resistant to poisons.
                  | (rPois) [potion of mutation]
 59746 | Zot:2    | Received a gift from Trog
 60087 | Zot:2    | Identified the +9 flail "Laqez" {holy, rC+ SInv}
 61114 | Zot:3    | Found a transporter.
 61117 | Zot:3    | Found the +5 glaive of the Guard {elec, spectral, AC+5}
 61334 | Zot:3    | You fall into a shaft and drop 1 floor!
 61369 | Zot:4    | Received a gift from Trog
 61711 | Zot:3    | Noticed a Killer Klown
 61724 | Zot:3    | Killed a Killer Klown
 61777 | Zot:3    | Found a transporter.
 62046 | Zot:3    | Noticed an orb of fire
 62060 | Zot:3    | Gained mutation: You occasionally shout uncontrollably at
                  | your foes. [an orb of fire]
 62062 | Zot:3    | Gained mutation: Your body sometimes deteriorates upon
                  | taking damage. [an orb of fire]
 62063 | Zot:3    | Killed an orb of fire
 62064 | Zot:3    | Reached XP level 26. HP: 262/266 MP: 1/22
 62094 | Zot:3    | Identified the ring "Otyituwkozu" {Drain rElec rN+ Int+3}
 62104 | Zot:3    | Identified the amulet "Hah Liaf" {Spirit Regen+ Slay+3}
 62314 | Depths:4 | You paid a toll of +2 shadow dragon scales to enter a
                  | treasure trove
 62315 | Trove    | Entered a treasure trove
 62318 | Trove    | Found the amulet of Vitality {RegenMP++ Regen++}
 62319 | Trove    | Identified the ring "Qyorr" {Int+4 Slay+4}
 62324 | Trove    | Identified the ring "Cokakh" {Will+ MP+9}
 62339 | Trove    | Identified the ring of Mukh {Fire rElec rCorr Int+3}
 62341 | Trove    | Identified the ring "Enot" {Fly rN+ Will+ rCorr Str+3}
 62345 | Trove    | Identified the ring of Jauxudwupt {Fire Str-4 Dex+8}
 62348 | Trove    | Identified the ring of Hedonism {Fly rElec rPois Str+5
                  | Int+3 Stlth-}
 62354 | Trove    | Identified the ring "Ofedosm" {rElec rCorr MP+9}
 62356 | Trove    | Identified the ring "Paitetag" {Ice rElec Will+ SInv}
 63622 | Zot:5    | Entered Level 5 of the Realm of Zot
 63766 | Zot:5    | Received a gift from Trog
 64090 | Zot:5    | Reached skill level 15 in Shields
 64092 | Zot:5    | Noticed a dread lich
 64092 | Zot:5    | Noticed a dread lich
 64092 | Zot:5    | Noticed an orb of fire
 64095 | Zot:5    | Gained mutation: Your spells are a little easier to cast,
                  | but a little less powerful. [an orb of fire]
 64103 | Zot:5    | Noticed an orb of fire
 64104 | Zot:5    | Gained mutation: You are dopey. (Int -2) [an orb of fire]
 64105 | Zot:5    | Gained mutation: You sometimes lose your temper in combat.
                  | [an orb of fire]
 64111 | Zot:5    | Killed a dread lich
 64115 | Zot:5    | Killed a dread lich
 64119 | Zot:5    | Killed an orb of fire
 64126 | Zot:5    | Killed an orb of fire
 64153 | Zot:5    | Noticed an orb of fire
 64174 | Zot:5    | Killed an orb of fire
 64186 | Zot:5    | Noticed an orb of fire
 64190 | Zot:5    | Gained mutation: You have an uncontrollable temper. [an orb
                  | of fire]
 64201 | Zot:5    | Gained mutation: You are very weak. (Str -4) [an orb of
                  | fire]
 64202 | Zot:5    | Killed an orb of fire
 64207 | Zot:5    | Noticed an orb of fire
 64209 | Zot:5    | Gained mutation: Your spells are easier to cast, but less
                  | powerful. [an orb of fire]
 64224 | Zot:5    | Noticed an orb of fire
 64231 | Zot:5    | Killed an orb of fire
 64237 | Zot:5    | Lost mutation: You are resistant to electric shocks.
                  | (rElec) [potion of mutation]
 64237 | Zot:5    | Lost mutation: You have sharp fingernails. [potion of
                  | mutation]
 64237 | Zot:5    | Gained mutation: Your magical capacity is low. (-10% MP)
                  | [potion of mutation]
 64237 | Zot:5    | Gained mutation: Your natural rate of healing is unusually
                  | fast. [potion of mutation]
 64238 | Zot:5    | Lost mutation: Your magical capacity is low. (-10% MP)
                  | [potion of mutation]
 64238 | Zot:5    | Lost mutation: You are very weak. (Str -4) [potion of
                  | mutation]
 64238 | Zot:5    | Lost mutation: Your natural rate of healing is unusually
                  | fast. [potion of mutation]
 64238 | Zot:5    | Lost mutation: You have an uncontrollable temper. [potion
                  | of mutation]
 64279 | Zot:5    | Noticed an orb of fire
 64283 | Zot:5    | Gained mutation: You occasionally lose the ability to drink
                  | potions when taking damage. [an orb of fire]
 64291 | Zot:5    | Killed an orb of fire
 64295 | Zot:5    | Gained mutation: Your magical capacity is low. (-10% MP)
                  | [an orb of fire]
 64302 | Zot:4    | Killed an orb of fire
 64345 | Zot:4    | Lost mutation: You sometimes lose your temper in combat.
                  | [potion of mutation]
 64345 | Zot:4    | Lost mutation: Your spells are easier to cast, but less
                  | powerful. [potion of mutation]
 64345 | Zot:4    | Gained mutation: Your flesh is cold resistant. (rC+)
                  | [potion of mutation]
 64481 | Zot:5    | Noticed an orb of fire
 64492 | Zot:5    | Killed an orb of fire
 64593 | Zot:5    | Noticed an orb of fire
 64594 | Zot:5    | Gained mutation: You are very dopey. (Int -4) [an orb of
                  | fire]
 64616 | Zot:5    | Killed an orb of fire
 64718 | Zot:5    | Noticed an ancient lich
 64734 | Zot:5    | Killed an ancient lich
 64758 | Zot:5    | Reached XP level 27. HP: 95/273 MP: 1/19
 64812 | Zot:5    | Got the Orb of Zot
 64836 | Zot:5    | Noticed Axisch the pandemonium lord
 64881 | Zot:2    | Noticed Jowiomp the pandemonium lord
 64904 | Zot:2    | Killed Jowiomp the pandemonium lord
 65089 | Depths:2 | Received a gift from Trog
 65328 | D:6      | Noticed Wowedel the pandemonium lord
 65480 | D:$      | Escaped with the Orb!

Illustrated notes

Levels and vault maps discovered:
D:1:      dpeg_arrival_ratfight, layout_loops_ring, basic_ecumenical_altar,
          dreamdust_princess_bridge, hangedman_decor_push,
          amcnicky_mini_pool_small
D:2:      minmay_wonky_spiral, layout_basic, st_stairs_13,
          palyth_stone_intersect
D:3:      layout_basic
D:4:      layout_basic
D:5:      layout_basic, mainiacjoe_overflow_small_starburst, temple_fountains,
          serial_shops, kennysheep_little_box, lightli_church_of_beogh
D:6:      layout_rooms, kennysheep_orc_sif_temple, serial_shops,
          nicolae_shop_temple_entry_statues_fountains,
          nicolae_shop_behind_doors, nicolae_lakefront_shop,
          kennysheep_mini_moat, shop, minivault_1, uniq_menkaure
D:7:      layout_gridville, elyvilon_altar_3, mainiacjoe_overflow_alcove_1
D:8:      wad_cavern_with_rooms, layout_basic,
          mainiacjoe_overflow_cross_hatched, ebering_ghost_reflecting_pool
D:9:      layout_loops_ring, kennysheep_orc_monster_closet_entryway
D:10:     layout_cave_pods, bloody_makhleb, serial_shops, nicolae_shop_crystal
D:11:     layout_basic, minivault_5, grunt_dithmenos_smoke, uniq_nergalle,
          uniq_gastronok
D:12:     layout_grid_maze, minmay_quadrilaterals
D:13:     layout_basic, nzn_ghost_randoct, uniq_rupert, uniq_kirke, uniq_erolcha
D:14:     layout_loops_ring, grunt_vaults_entry_tiered,
          grunt_decor_mini_mirrors, grunt_ministairs_7, minmay_misc_feat_five,
          minmay_fractal_squares_gapless_7
D:15:     grunt_enter_depths_giant_problem, layout_rooms, uniq_jorgrun
Lair:1:   beast_lair_carwin_large_3, layout_hall_layers, serial_forest,
          infiniplex_forest_clump_double, infiniplex_forest_lined_4_way,
          infiniplex_forest_end_3, infiniplex_forest_clump_large,
          infiniplex_forest_straight_3, lemuel_fruit_tree, uniq_grum
Lair:2:   layout_cave_pods
Lair:3:   nzn_winding_woodlands_stair_trap [nzn_winding_woodlands_5x15_zeroes,
          nzn_winding_woodlands_5x15_pool,
          nzn_winding_woodlands_5x15_lazy_stream,
          nzn_winding_woodlands_15x15_boxy_spiral,
          nzn_winding_woodlands_5x15_pathside_ponds,
          nzn_winding_woodlands_5x15_sawtooth,
          nzn_winding_woodlands_5x15_river_crossing], layout_small_grid,
          elwin_shoals_entry_stream, hibernation_bobbens
Lair:4:   layout_loops_ring, spider_nest_entry_funnel_web
Lair:5:   layout_roguey [special_room_bee], st_stairs_8,
          minmay_stone_trees_small, chequers_serial_rivers_micro_b,
          serial_bayou_ford_a, lemuel_oklob_altar, grunt_megastairs_2
Lair:6:   evilmike_catoblepas_cave, layout_hall_layers, slime_entry_2,
          st_stairs_4
Shoals:1: nicolae_shoals_island_circles, layout_shoals,
          gammafunk_ghost_berserking_beasts,
          nicolae_shoals_nymph_descending_staircase, uniq_nikola
Shoals:2: layout_shoals
Shoals:3: layout_shoals, uniq_ilsuiw, uniq_mlioglotl, uniq_polyphemus
Shoals:4: shoals_end_grunt_ice, layout_shoals, nicolae_shoals_drake_roost
Spider:1: layout_spider_delve
Spider:2: layout_spider_delve, drop_trap, nicolae_spider_circle_web
Spider:3: layout_spider_delve
Spider:4: guppyfry_spider_rune, gammafunk_ghost_tricky_traps
Slime:1:  layout_caves, amcnicky_altar_lugonu_corruption
Slime:2:  layout_caves, nicolae_slime_barrier
Slime:3:  cheibrodos_slime_lost_civilization_9, layout_caves
Slime:4:  layout_caves, dissolution_awaits
Slime:5
Orc:1:    layout_caves, basic_altar, trog_butcher_becter
Orc:2:    st_orc_town, layout_diamond_mine, serial_shops, shop, basic_altar
Elf:1:    eino_elf_arrival_shootout, layout_geoelf_diagonals,
          minmay_elf_demonology, grunt_megastairs_5, minmay_shoptagon,
          uniq_donald
Elf:2:    elven_hall_of_blades_hangedman_original [nooodl_blade_entry_preview],
          layout_geoelf_octagon, nicolae_elf_v_pinch, grunt_ministairs_10,
          uniq_roxanne
Elf:3:    minmay_elf_hall_circle, layout_loops_corners, mu_enter_wizlab_5,
          serial_shops, nicolae_shop_hallway_plus, drop_trap, uniq_louise
Vaults:1: v_misc_10, ontoclasm_vaults_ring_small, v_misc_11,
          vaults_standard_mumra_x, vaults_room_octagon, v_rooms_3,
          nicolae_vaults_border_crossing, hangedman_vaults_slice,
          nicolae_vaults_little_squares_2, v_misc_22, layout_vaults_big_room,
          uniq_asterion
Vaults:2: vaults_mumra_lcd, ontoclasm_vaults_pinch,
          nicolae_vaults_network_square, minmay_crypt_entry_nasty_monster,
          nicolae_vaults_asterisk, layout_vaults_omnigrid, serial_shops,
          bzr_entry_road
Vaults:3: v_misc_16, v_misc_5, nicolae_vaults_stairing_the_circle, st_lattice,
          hangedman_vaults_maws, nicolae_vaults_inception_statues,
          grunt_vaults_bifocal, ontoclasm_vaults_eye, v_misc_3,
          hangedman_vaults_restitches, v_misc_14, vaults_room_semicircle,
          layout_vaults_omnibox, serial_shops, nicolae_shop_trees
Vaults:4: v_misc_12, nicolae_vaults_what_the_h, vaults_mumra_chevron_long,
          ontoclasm_vaults_gateway, vaults_room_large_hall, st_hourglassy,
          vaults_room_grid, nicolae_vaults_network_s, hangedman_vaults_cutoff,
          v_pattern_2, nicolae_vaults_ring_of_whatevers, vaults_mumra_chevron,
          nicolae_vaults_alarming, nicolae_vaults_little_squares_6,
          layout_vaults_big_cross
Vaults:5
Depths:1: layout_roguey, okawaru_trees_1, hangedman_tar_grid_catacomb,
          minmay_misc_feat_encased, drop_trap, kennysheep_big_empty_room,
          chequers_serial_rivers_large_b, minmay_stone_trees_medium,
          hangedman_decor_clover_reticule, nicolae_twisting_strands,
          horrible_house_mu
Depths:2: minmay_octo_star, layout_gridlike, enter_ziggurat_a,
          rand_demon_pan_entry_8, nemelex_spade_bored_becter, hell_entry,
          hangedman_abyss_or_decor_jellyfish_corner,
          minmay_misc_feat_nine_boxes, kennysheep_potato
Depths:3: minmay_heptahexagon, layout_basic, hell_entry, abyss_entry,
          infiniplex_staircase_river
Depths:4: grunt_zot_entry_alcove, layout_cave_shapes, minmay_misc_feat_roman,
          nicolae_trove_entry_crossroad, gammafunk_ghost_abyssal_escape,
          hell_entry, serial_bayou_pond_a, fedhas_altar_2, serial_bayou_shore_b,
          uniq_enchantress
Zot:1:    layout_cellular_growth
Zot:2:    layout_misc_corridors, st_stairs_10
Zot:3:    gammafunk_its_a_trap, layout_twisted_circle
Zot:4:    layout_basic, hangedman_zot_diagonal_lockstep
Zot:5:    layout_misc_corridors, st_stairs_7, grunt_ministairs_9

Skill      XL: |  1  2  3  4  5  6  7  8  9 10 11 12 13 14 15 16 17 18 19 20 21 22 23 24 25 26 27 |
---------------+----------------------------------------------------------------------------------+-----
Fighting       | 4 5 6 8 9 10 12 13 15 17 19 20 21 22 23 24 25 26 27 | 27.0
Axes           | 4 5 6 8 10 12 14 16 18 20 21 22 | 22.0
Armour         | 3 4 5 6 7 9 10 11 13 15 16 17 18 20 21 22 23 24 25 26 27 | 27.0
Shields        | 2 5 9 10 13 16 | 16.7
Dodging        | 3 7 10 11 13 14 16 17 18 19 20 21 23 24 25 | 25.3
Evocations     | 2 4 7 9 10 12 13 14 15 17 18 19 20 | 20.5

Action                   |  1- 3 |  4- 6 |  7- 9 | 10-12 | 13-15 | 16-18 | 19-21 | 22-24 | 25-27 || total
-------------------------+-------+-------+-------+-------+-------+-------+-------+-------+-------++-------
Melee: Hand axe          |   107 |   119 |   124 |       |       |       |       |       |       ||   350
       Headbutt          |    12 |    22 |    59 |   102 |   180 |   210 |   332 |   379 |   369 ||  1665
       Punch             |     1 |       |     6 |     1 |       |       |       |       |       ||     8
       War axe           |       |       |   163 |    63 |       |       |       |       |       ||   226
       Battleaxe         |       |       |       |    80 |       |       |       |       |       ||    80
       Broad axe         |       |       |       |   319 |   742 |   876 |  1020 |  1102 |   968 ||  5027
       Kick              |       |       |       |       |       |       |       |       |   205 ||   205
Throw: Stone             |     2 |       |       |       |       |       |       |       |       ||     2
       Javelin           |       |     6 |     2 |     5 |       |       |     2 |     5 |     5 ||    25
       Dart              |       |       |     6 |     4 |       |    26 |     6 |       |       ||    42
       Throwing net      |       |       |     2 |       |       |       |       |       |       ||     2
       Boomerang         |       |       |     3 |       |     2 |       |       |       |       ||     5
Invok: Berserk           |       |     1 |     3 |     3 |     1 |       |       |     2 |     2 ||    12
       Brothers in Arms  |       |       |       |       |     2 |     2 |     2 |     1 |     4 ||    11
       Trog's Hand       |       |       |       |       |     3 |     5 |       |     1 |     2 ||    11
Evoke: Wand              |       |       |       |       |     1 |    14 |     2 |    10 |     2 ||    29
       Condenser vane    |       |       |       |       |       |     4 |     2 |    10 |     4 ||    20
       Piece from Xom's  |       |       |       |       |       |     3 |     1 |       |       ||     4
       Phantom mirror    |       |       |       |       |       |     3 |       |     2 |     3 ||     8
       Lightning rod     |       |       |       |       |       |       |     4 |    16 |     6 ||    26
       Tin of tremorston |       |       |       |       |       |       |       |     4 |     9 ||    13
  Use: Scroll            |     3 |     2 |     7 |     8 |    11 |    13 |     7 |    12 |    13 ||    76
       Potion            |       |       |       |       |       |     5 |     1 |     9 |    14 ||    29
 Stab: Sleeping          |     1 |       |       |       |       |       |       |       |       ||     1
       Distracted        |       |       |       |       |     5 |    18 |    12 |     2 |       ||    37
       Paralysed         |       |       |       |       |       |     7 |       |       |       ||     7
       Invisible         |       |       |       |       |       |       |       |       |     4 ||     4
Armor: Animal skin       |     5 |       |       |       |       |       |       |       |       ||     5
       Plate armour      |    42 |    65 |   182 |   238 |   130 |   326 |   283 |    40 |       ||  1306
       Chain mail        |       |       |       |    29 |   115 |     2 |       |       |       ||   146
       Gold dragon scale |       |       |       |       |       |       |       |   364 |   463 ||   827
Dodge: Dodged            |    37 |    38 |    86 |   144 |   217 |   278 |   248 |   376 |   379 ||  1803
Block: Buckler           |       |       |       |    58 |   123 |       |       |       |       ||   181
       Kite shield       |       |       |       |       |   118 |   868 |   613 |   650 |   820 ||  3069
       Reflection        |       |       |       |       |    11 |    50 |    31 |       |       ||    92

Table legend: (Time is in decaauts)
 A = Elapsed time spent in this place.
 B = Non-inter-level travel time spent in this place.
 C = Inter-level travel time spent in this place.
 D = Time resting spent in this place.
 E = Time spent auto-exploring this place.
 F = Levels seen in this place.
 G = Mean time per level.
                   A        B        C        D        E       F      G
               +--------+--------+--------+--------+--------+-----+--------+
         Total |  64805 |  57380 |   7425 |   4099 |  36172 |  59 | 1098.4 |
       Dungeon |  16932 |  14295 |   2637 |    833 |   9350 |  15 | 1128.8 |
          Lair |   7230 |   5825 |   1405 |    226 |   3660 |   6 | 1205.0 |
        Shoals |   4583 |   4331 |    252 |    224 |   2938 |   4 | 1145.8 |
   Spider Nest |   3594 |   3411 |    183 |    223 |   2181 |   4 |  898.5 |
    Slime Pits |   4074 |   3829 |    245 |    453 |   2594 |   5 |  814.8 |
  Orcish Mines |   1603 |   1272 |    331 |      0 |    664 |   2 |  801.5 |
   Elven Halls |   3541 |   2951 |    590 |     99 |   1991 |   3 | 1180.3 |
        Vaults |   9049 |   8449 |    600 |    192 |   6412 |   5 | 1809.8 |
        Depths |   6481 |   5662 |    819 |    635 |   3588 |   4 | 1620.2 |
           Zot |   6063 |   5703 |    360 |   1156 |   2217 |   5 | 1212.6 |
         Abyss |    401 |    401 |      0 |     40 |     23 |   3 |  133.7 |
        Bazaar |    169 |    169 |      0 |      0 |     33 |   1 |  169.0 |
         Trove |     54 |     54 |      0 |      0 |      0 |   1 |   54.0 |
        Wizlab |   1024 |   1024 |      0 |     16 |    521 |   1 | 1024.0 |
               +--------+--------+--------+--------+--------+-----+--------+

Top non-repeatable levels by time:
Vaults:4: 2306 daAuts
Vaults:5: 2108 daAuts
    D:14: 1930 daAuts
Vaults:1: 1840 daAuts
  Lair:1: 1756 daAuts
Depths:2: 1748 daAuts
Spider:4: 1657 daAuts
Depths:4: 1638 daAuts
Depths:3: 1556 daAuts
  Lair:3: 1544 daAuts
Depths:1: 1537 daAuts
   Zot:4: 1530 daAuts
Vaults:3: 1453 daAuts
Shoals:1: 1412 daAuts
   Zot:3: 1362 daAuts
